 Dungeon Crawl Stone Soup version 0.20-a0-984-ge8aa303 (webtiles) character file.

4081 inmateoo the Cleaver (level 10, -12/79 HPs)
             Began as a Formicid Fighter on Apr 10, 2017.
             Mangled by an orc warrior
             ... wielding a +2 trident of piercing
              (20 damage)
             ... on level 8 of the Dungeon.
             The game lasted 00:08:36 (7357 turns).

inmateoo the Cleaver (Formicid Fighter)             Turns: 7357, Time: 00:08:37

Health: -12/79     AC: 11    Str: 25    XL:     10   Next: 49%
Magic:  10/10      EV: 11    Int:  7    God:
Gold:   391        SH: 11    Dex: 13    Spells: 9/9 levels left

rFire    . . .     SeeInvis +   e - +4 battleaxe (freeze)
rCold    . . .     Gourm    .   c - +0 shield
rNeg     . . .     Faith    .   b - +0 scale mail
rPois    .         Spirit   .   (helmet unavailable)
rElec    .         Reflect  .   (no cloak)
rCorr    .         Harm     .   m - +2 pair of gloves {Dex+3}
MR       +....                  (no boots)
Stlth    ..........             (no amulet)
Regen    0.3/turn               (no ring)
MPRegen  0.2/turn               (no ring)

@: no status effects
A: permanent stasis, dig shafts and tunnels, four strong arms, antennae 3
a: Dig, Shaft Self


You were on level 8 of the Dungeon.
You were very hungry.

You visited 2 branches of the dungeon, and saw 9 of its levels.

You collected 391 gold pieces.

Inventory:

Hand Weapons
 e - a +4 battleaxe of freezing (weapon)
Armour
 b - a +0 scale mail (worn)
 c - a +0 shield (worn)
 m - a +2 pair of gloves of dexterity (worn)
Wands
 w - a wand of iceblast (11/15)
Scrolls
 k - 3 scrolls of remove curse
Potions
 a - a potion of cancellation
 d - 2 potions of might
 g - a potion of magic
 i - a potion of brilliance
 j - a potion of mutation {unknown}
 l - 2 potions of flight
 o - a potion of resistance {unknown}
 p - 2 potions of agility {unknown}
 s - 2 potions of invisibility
 v - 4 potions of ambrosia
 x - 4 potions of curing
Comestibles
 f - 4 bread rations
 n - 3 royal jellies


   Skills:
 + Level 7.5 Fighting
 * Level 9.8 Axes
 + Level 7.6 Armour
 + Level 2.2 Dodging
 - Level 8.0 Shields


You had 9 spell levels left.
You didn't know any spells.

Dungeon Overview and Level Annotations

Branches:
Dungeon (8/15)             Temple (1/1) D:6
   Lair: D:8-11

Altars:
Ashenzari
Cheibriados
Dithmenos
Elyvilon
Fedhas
Gozag
Hepliaklqana
Kikubaaqudgha
Makhleb
Nemelex Xobeh
Qazlal
Ru
Sif Muna
Trog
Uskayaw
Vehumet
Wu Jian
Xom
Yredelemnul
Zin
The Shining One

Shops:
D:7 *


Innate Abilities, Weirdness & Mutations

You cannot be hasted, slowed, berserked, paralysed or teleported.
You can dig through walls and to a lower floor.
Your four strong arms can wield two-handed weapons with a shield.
You have a pair of large antennae on your head. (SInv)


Message History

You see here an arrow.
The orc warrior hits you from afar with a trident of piercing!!
The orc warrior hits you with a trident of piercing!
* * * LOW HITPOINT WARNING * * *
You closely miss the orc warrior.
The orc warrior hits you with a trident of piercing!
* * * LOW HITPOINT WARNING * * *
x2 You closely miss the orc warrior.
You block the orc warrior's attack.
Press: ? - help, v - describe, . - travel
Here: an orc warrior, wielding a trident of piercing and wearing a chain mail The floor.
You block the orc warrior's attack.
Found 10 gold pieces.
Things that are here:
a giant club; a giant spiked club Are you sure you want to shaft yourself?
You are feeling very hungry.
You begin to dig a shaft.
You continue digging a shaft.
The orc warrior hits you with a trident of piercing!!
You die...

####### #.....#
#.....############
#.....##......[..#
#.....##.#######.# #. {
+.....)..# #.#
#.##########.....#### #.#
#........##.@........# #.#
#........##o########.######.#
#........(>(.................
#........(..#o....##.####....
#.###.......#...>.# ####....
# ###'.....##.....## ........
#.....(....................
#.....(.###.......#########
#.......# #####...# #


You could see an orc warrior.

Vanquished Creatures
  A two-headed ogre (D:8)
  Grinder (D:6)
  2 hungry ghosts (D:6)
  A hornet zombie (D:7)
  3 ice beasts
  3 phantoms
  A sky beast (D:6)
  3 ogres
  A centaur (D:8)
  A big kobold (D:7)
  7 bullfrogs
  A scorpion (D:5)
  5 wights (D:5)
  A howler monkey (D:5)
  4 crimson imps
  A bullfrog zombie (D:5)
  A centaur zombie (D:8)
  A quasit (D:7)
  4 hounds
  A jelly (D:5)
  5 orc wizards
  A centaur skeleton (D:4)
  2 orc priests
  2 iguanas
  6 worker ants
  A worker ant zombie (D:6)
  13 gnolls
  6 adders
  An ooze (D:2)
  An adder skeleton (D:5)
  7 worms
  3 dart slugs
  2 leopard geckos
  20 orcs
  A ball python (D:3)
  5 giant cockroaches
  5 goblins
  8 hobgoblins
  21 jackals
  12 kobolds
  7 quokkas
  8 bats
  4 frilled lizards
  A leopard gecko skeleton (D:4)
  5 rats
190 creatures vanquished.

Notes
Turn   | Place    | Note
-------+----------+-------------------------------------------
     0 | D:1      | inmateoo the Formicid Fighter began the quest for the Orb.
     0 | D:1      | Reached XP level 1. HP: 18/18 MP: 1/1
    69 | D:1      | Reached XP level 2. HP: 15/24 MP: 2/2
   374 | D:1      | Reached XP level 3. HP: 23/29 MP: 3/3
   603 | D:2      | Reached skill level 3 in Axes
   623 | D:2      | Found a shadowy altar of Dithmenos.
   754 | D:2      | Reached XP level 4. HP: 37/37 MP: 4/4
   800 | D:2      | Found a shadowy altar of Dithmenos.
  1507 | D:3      | Found a shimmering altar of Xom.
  1508 | D:3      | Found a shimmering altar of Xom.
  1508 | D:3      | Found a shimmering altar of Xom.
  1518 | D:3      | Found a shimmering altar of Xom.
  1518 | D:3      | Found a shimmering altar of Xom.
  1564 | D:3      | Reached XP level 5. HP: 35/42 MP: 5/5
  1609 | D:3      | Found a deep blue altar of Sif Muna.
  1771 | D:3      | Found a burning altar of Makhleb.
  1781 | D:3      | Reached skill level 4 in Axes
  1798 | D:3      | Noticed a moth of wrath
  1801 | D:3      | Found a bloodstained altar of Trog.
  1911 | D:3      | Found a blossoming altar of Fedhas.
  2064 | D:3      | Found a hazy altar of Hepliaklqana.
  2105 | D:3      | Reached XP level 6. HP: 48/48 MP: 6/6
  2151 | D:4      | Noticed a phantom
  2190 | D:4      | Killed a phantom
  2190 | D:4      | Reached skill level 5 in Shields
  2479 | D:4      | Found an opulent altar of Gozag.
  2493 | D:4      | Reached XP level 7. HP: 28/55 MP: 7/7
  2710 | D:4      | Reached skill level 5 in Axes
  3113 | D:5      | Entered Level 5 of the Dungeon
  3189 | D:5      | Found a sparkling altar of Nemelex Xobeh.
  3528 | D:5      | Reached XP level 8. HP: 49/61 MP: 8/8
  3532 | D:5      | Reached skill level 5 in Fighting
  3532 | D:5      | Reached skill level 6 in Axes
  3532 | D:5      | Reached skill level 5 in Armour
  4915 | D:6      | Found a staircase to the Ecumenical Temple.
  5048 | Temple   | Entered the Ecumenical Temple
  5155 | D:6      | Reached skill level 7 in Axes
  5193 | D:6      | Reached XP level 9. HP: 58/69 MP: 9/9
  5251 | D:6      | Found a glowing golden altar of the Shining One.
  5621 | D:6      | Noticed Grinder
  5631 | D:6      | Killed Grinder
  5631 | D:6      | Reached skill level 8 in Axes
  5759 | D:6      | Noticed a two-headed ogre
  6173 | D:7      | Found a shattered altar of Ashenzari.
  6401 | D:7      | Reached skill level 9 in Axes
  6401 | D:7      | Reached XP level 10. HP: 58/77 MP: 10/10
  6505 | D:7      | Found a white marble altar of Elyvilon.
  6629 | D:7      | Found Fiemmea's General Store.
  7067 | D:8      | Reached skill level 1 in Dodging
  7139 | D:8      | Noticed a two-headed ogre
  7142 | D:8      | Killed a two-headed ogre
  7161 | D:8      | Found an opulent altar of Gozag.
  7357 | D:8      | Mangled by an orc warrior

Vault maps used:
D:1:      dpeg_arrival_short_road, minmay_hexomino_p4
D:2:      overflow_temple_1_default, kennysheep_big_empty_room,
          lemuel_statue_altar
D:3:      led_sif_pool, tgw_trog, makhleb_heckhound_becter, xom_redecorated,
          lemuel_coloured_pillars_altar, fedhas_altar_3
D:4:      wad_woods_stonehenge, first_bread
D:5:      basic_altar
D:6:      old_standard_altar, minmay_temple_entry_poolview, uniq_grinder
D:7:      kennysheep_mini_moat, evilmike_ruin_ashenzari, serial_shops,
          nicolae_shop_stone, minmay_misc_feat_more_columns
D:8:      grunt_gozag_breadcrumbs, the_bakery
Temple:   dpeg_three_leaves_temple

Skill      XL: |  1  2  3  4  5  6  7  8  9 10 |
---------------+-------------------------------+-----
Axes           | 3 4 5 7 9 |  9.8
Shields        | 4 5 6 8 |  8.0
Fighting       | 4 5 6 7 |  7.5
Armour         | 4 5 6 7 |  7.6
Dodging        | 2 |  2.2

Action                   |  1- 3 |  4- 6 |  7- 9 | 10-12 || total
-------------------------+-------+-------+-------+-------++-------
Melee: War axe           |    79 |   247 |    51 |       ||   377
       Battleaxe         |       |       |   211 |    57 ||   268
 Abil: Dig               |       |       |     1 |       ||     1
       Shaft Self        |       |       |       |     1 ||     1
  Use: Scroll            |       |    12 |     3 |     5 ||    20
  Eat: Chunk             |       |     6 |     8 |     1 ||    15
       Fruit             |       |       |     2 |     2 ||     4
       Meat ration       |       |       |     2 |       ||     2
Armor: Scale mail        |    51 |    84 |    73 |    18 ||   226
Dodge: Dodged            |    37 |    63 |    68 |    22 ||   190
Block: Shield            |    56 |   146 |   147 |    37 ||   386
